 Dungeon Crawl Stone Soup version 0.23-a0-164-g7711e57 (webtiles) character file.

0 glosham the Ducker (level 1, -7/10 HPs)
             Began as a Felid Abyssal Knight on Sept 10, 2018.
             Was a Follower of Lugonu.
             Mangled by a demonic crawler (11 damage)
             ... on level 4 of the Abyss.
             The game lasted 00:03:03 (124 turns).

glosham the Ducker (Felid Abyssal Knight)            Turns: 124, Time: 00:03:04

Health: -7/10      AC:  1    Str:  8    XL:     1   Next: 0%
Magic:  12/12      EV: 18    Int: 13    God:    Lugonu [*.....]
Gold:   0          SH:  0    Dex: 15    Spells: 0/0 levels left
                                        Lives:  0   Deaths: 0

rFire    . . .     SeeInvis +     - Unarmed
rCold    . . .     Gourm    .   (shield unavailable)
rNeg     . . .     Faith    .   (armour unavailable)
rPois    .         Spirit   .   (helmet unavailable)
rElec    .         Reflect  .   (cloak unavailable)
rCorr    .         Harm     .   (gloves unavailable)
MR       .....                  (boots unavailable)
Stlth    ++........             (no amulet)
HPRegen  0.03/turn              b - ring of magical power
MPRegen  0.13/turn              (no ring)

@: quick
A: very small, no armour, no weapons or thrown items, stealth, claws 1, fangs 3,
see invisible, carnivore, speed 1, shaggy fur 1, slow metabolism 1, sharp paws
a: Depart the Abyss, Renounce Religion


You were on level 4 of the Abyss.
You worshipped Lugonu.
Lugonu was aware of your devotion.
You were not hungry.

You visited 0 branches of the dungeon, and saw 0 of its levels.
You visited the Abyss 1 time.

Inventory:

Jewellery
 b - a ring of magical power (left paw)
Comestibles
 a - a ration


   Skills:
 - Level 3.0 Fighting
 - Level 3.2 Dodging
 * Level 0.0 Stealth
 - Level 2.0 Unarmed Combat
 - Level 1.7 Invocations


You couldn't memorise any spells.
You didn't know any spells.
Your spell library was empty.

Dungeon Overview and Level Annotations

Branches:
Dungeon (0/15)

Altars:


Innate Abilities, Weirdness & Mutations

You cannot wear armour.
You are incapable of wielding weapons or throwing items.
Your paws allow you to move quietly. (Stealth)
You have sharp claws.
You have razor-sharp teeth.
You have supernaturally acute eyesight. (SInv)
You are carnivorous and can eat meat at any time.
You cover ground quickly.
You are covered in fur. (AC +1)
You have a slow metabolism.
Your sharp claws are effective at attacking unaware monsters.


Message History

The quasit gives a chilling moan.
A small abomination comes into view.
There is a gateway leading deeper into the Abyss here.
The quasit misses you.
The quasit claws you but does no damage.
The quasit closely misses you.
You plunge deeper into the Abyss.
The abyssal rune of Zot can be found at this depth.
Found an embroidered robe.
Found a gateway leading deeper into the Abyss.
There is a gateway leading deeper into the Abyss here.
You plunge deeper into the Abyss.
The abyssal rune of Zot can be found at this depth.
Found a jade ring and 48 gold pieces. 2 flying skulls come into view.
Found a leather armour.
A demonic crawler comes into view.
The demonic crawler gives a hideous shriek!
A naga comes into view. It is wielding a broad axe.
A guardian serpent comes into view.
Found 31 gold pieces.
Found a hunting sling.
Found a slimy trident.
An ufetubus comes into view.
The ufetubus shouts!
The ufetubus completely misses you. The ufetubus closely misses you.
Found a scroll labeled KOANOLEFRAC.
A hellion comes into view.
Found a crooked brass wand and a jewelled fluorescent wand.
A tentacled starspawn comes into view.
Tentacles burst from the starspawn's body! 2 starspawn tentacles come into view.
Found a gateway leading deeper into the Abyss.
The demonic crawler closely misses you. x2; The demonic crawler hits you!
Ouch! That really hurt!
You scratch the demonic crawler but do no damage.
You barely miss the demonic crawler. The demonic crawler closely misses you.
The demonic crawler hits you!
Ouch! That really hurt!
You die...

>.## .. Xw
w#### ..#
#../##### #.#
#..#.##@#
.....##..#.5s.#
#.....X..#### #
#.##.######.###
##. #..##....
... 2
...#...#..5###.
#......# ...# .
# #/.##.5..
#..####. #.
######### ..


You could see a tentacled starspawn, a demonic crawler and an ufetubus.

Vanquished Creatures (others)
  2 starspawn tentacles (Abyss:4)
2 creatures vanquished.

Notes
Turn   | Place    | Note
-------+----------+-------------------------------------------
     0 | Abyss:1  | glosham the Felid Abyssal Knight began the quest for the
                  | Orb.
     0 | Abyss:1  | Reached XP level 1. HP: 10/10 MP: 3/3
     0 | Abyss:1  | Found a corrupted altar of Lugonu.
    19 | Abyss:2  | Noticed a large abomination
    37 | Abyss:2  | Noticed a sun demon
    48 | Abyss:2  | Noticed a quasit
    50 | Abyss:2  | Noticed a small abomination
    64 | Abyss:4  | Noticed a flying skull
    64 | Abyss:4  | Noticed a flying skull
    76 | Abyss:4  | Noticed a demonic crawler
    84 | Abyss:4  | Noticed a naga
    85 | Abyss:4  | Noticed a guardian serpent
   111 | Abyss:4  | Noticed a hellion
   115 | Abyss:4  | Noticed a tentacled starspawn
   124 | Abyss:4  | Mangled by a demonic crawler

Vault maps used:
Abyss:2:  hangedman_illusive_loot
Abyss:3:  evilmike_abyss_rune_ettins
Abyss:4:  due_evilmike_abyss_rune_seething_liches, evilmike_abyss_exit_9

Action                   || total
-------------------------++-------
Melee: Unarmed           ||     2
Armor: Skin              ||     1
Dodge: Dodged            ||     7

Table legend:
 A = Non-vault XP
 B = Vault XP
 C = Vault XP percentage of total XP
 D = Non-vault monster count
 E = Vault monster count
 F = Vault count percentage of total count
                 A         B        C        D         E       F
            +---------+---------+-------+---------+---------+-------
      Total |       0 |       0 |   N/A |       0 |       0 |  -nan
            +---------+---------+-------+---------+---------+-------
            +---------+---------+-------+---------+---------+-------

Table legend:
 A = Turns spent in this place as a percentage of turns spent in the entire game.
 B = Non-inter-level travel turns spent in this place as a percentage of non-inter-level travel turns spent in the entire game.
 C = Inter-level travel turns spent in this place as a percentage of turns spent in this place.
 D = Turns resting spent in this place as a percentage of non-inter-level travel turns spent in this place.
 E = Turns spent auto-exploring this place as a percentage of non-inter-level travel turns spent in this place.
 F = Non-inter-level travel turns spent in this place divided by the number of levels of this place that you've seen.
                   A       B       C       D       E      F
               +-------+-------+-------+-------+-------+----------------------
         Total | 100.0 | 100.0 |   0.0 |   0.0 |   0.0 |  31.0
         Abyss | 100.0 | 100.0 |   0.0 |   0.0 |   0.0 |  31.0
               +-------+-------+-------+-------+-------+----------------------

Vault maps used:
Abyss:2:  hangedman_illusive_loot
Abyss:3:  evilmike_abyss_rune_ettins
Abyss:4:  due_evilmike_abyss_rune_seething_liches, evilmike_abyss_exit_9
